 Dungeon Crawl Stone Soup version 0.29.0-11-gd7f09526c8 (webtiles) character file.

Game seed: 3270874706244444861

7015 Spectrina the Covert (level 10, -6/54 HPs)
             Began as a Deep Elf Monk on Sept 3, 2022.
             Was a Priest of Elyvilon.
             Mangled by a komodo dragon (15 damage)
             ... on level 2 of the Lair of Beasts on Sept 4, 2022.
             The game lasted 00:57:51 (5026 turns).

Spectrina the Covert (Deep Elf Monk)                Turns: 5026, Time: 00:57:52

Health: -6/54      AC:  5    Str:  8    XL:     10   Next: 82%
Magic:  1/16       EV: 13    Int: 20    God:    Elyvilon [***...]
Gold:   761        SH:  0    Dex: 17    Spells: 2/15 levels left

rFire   . . .      SeeInvis .   y - +0 dagger (holy)
rCold   . . .      Faith    .   (no shield)
rNeg    . . .      Spirit   .   p - +1 leather armour {Will+}
rPois   +          Reflect  .   (no helmet)
rElec   .          Harm     .   d - +0 cloak
rCorr   .          Rampage  .   (no gloves)
Will    ++...                   (no boots)
Stlth   +++++.....              (no amulet)
HPRegen 0.18/turn               h - ring of poison resistance
MPRegen 0.15/turn               (no ring)

@: no status effects
A: no striking features
a: Renounce Religion, Purification, Heal Other, Heal Self


You were on level 2 of the Lair of Beasts.
You worshipped Elyvilon.
Elyvilon was most pleased with you.
You visited 3 branches of the dungeon, and saw 12 of its levels.
You also visited: Bailey.

You collected 761 gold pieces.

Inventory:

Hand Weapons
 a - a +0 short sword
 g - a +0 rapier
 j - a +0 shortbow
 m - a +0 sling
 r - a +1 scimitar
 u - a +0 dagger
 w - a +0 glaive
 x - a +0 trident
 y - a +0 dagger of holy wrath (weapon)
 D - a +4 whip of flaming
Missiles
 q - 6 javelins
 A - 8 atropa-tipped darts
 C - 8 curare-tipped darts (quivered)
Armour
 b - a +0 robe
 d - a +0 cloak (worn)
 p - a +1 leather armour of willpower (worn)
Jewellery
 h - a ring of poison resistance (left hand)
Wands
 n - a wand of paralysis (8)
 B - a wand of roots (11)
 G - a wand of mindburst (5)
Scrolls
 c - 2 scrolls of immolation
 f - a scroll of noise
 i - 2 scrolls of blinking
 k - a scroll of vulnerability
 s - a scroll of magic mapping
 v - a scroll of enchant weapon
 z - 5 scrolls of identify
 E - a scroll of teleportation
 F - a scroll of amnesia
Potions
 e - 2 potions of heal wounds
 l - a potion of resistance
 o - 3 potions of brilliance
 t - 2 potions of curing


   Skills:
 - Level 2.4 Fighting
 + Level 3.2 Short Blades
 - Level 3.6 Dodging
 + Level 12.1 Stealth
 + Level 3.3 Spellcasting
 - Level 9.0 Hexes
 + Level 2.6 Summonings
 + Level 2.6 Translocations
 + Level 4.9 Transmutations
 + Level 7.4 Ice Magic
 + Level 5.0 Earth Magic
 * Level 6.0 Invocations


You had 2 spell levels left.
You knew the following spells:

 Your Spells              Type           Power      Damage    Failure   Level
a - Ensorcelled Hibernat  Hex/Ice        72%        N/A       1%          2
f - Petrify               Tmut/Erth      23%        N/A       26%         4
p - Summon Forest         Summ/Tloc      6%         N/A       88%         5
x - Passwall              Tmut/Erth      19%        N/A       4%          2

Your spell library contained the following spells:

 Spells                   Type           Power      Damage    Failure   Level
 Foxfire                  Conj/Fire      12%        2x1d4     21%         1
 Sublimation of Blood     Necr           3%         N/A       30%         2
 Spider Form              Tmut/Pois      13%        N/A       22%         3
 Anguish                  Hex/Necr       10%        N/A       32%         4
 Swiftness                Air            3%         N/A       52%         3
 Irradiate                Conj/Tmut      6%         3d13      90%         5
 Starburst                Conj/Fire      1%         6d3       100%        6
 Ignition                 Fire           1%         3d3       100%        8


Dungeon Overview and Level Annotations

Branches:
Dungeon (9/15)             Temple (1/1) D:7            Lair (2/5) D:8
 Bailey (visited)
  Swamp: Lair:2-3    Shoals: Lair:2-3     Snake: Lair:2-3    Spider: Lair:2-3
    Orc: D:9-12

Altars:
Ashenzari
Cheibriados
Dithmenos
Elyvilon
Fedhas
Gozag
Hepliaklqana
Kikubaaqudgha
Makhleb
Nemelex Xobeh
Okawaru
Qazlal
Ru
Sif Muna
Uskayaw
Vehumet
Wu Jian
Xom
Yredelemnul
Zin
The Shining One

Shops:
D:1 :

Portals:
Gauntlet: Lair:2

Annotations:
D:7 Joseph
D:8 Maggie


Message History

Roots grab the yak.
Roots grab the komodo dragon.
The grasping roots constrict the yak.
The grasping roots constrict the komodo dragon.
The yak barely misses you.
The komodo dragon completely misses you.
Unknown command.
Press: ? - help, v - describe, . - travel
Here: a yak (lightly wounded, constricted by roots)
The floor, spattered with blood.
You hear the loud beating of a drum.
The grasping roots constrict the yak.
The grasping roots constrict the komodo dragon.
The roots release their grip on the yak.
The roots release their grip on the komodo dragon.
Aiming: Fastroot
Press: ? - help, Shift-Dir - straight line, f/p - yak
Aim: a yak (moderately wounded)
The roots erupt in riotous growth!
Roots grab the yak.
Roots grab the komodo dragon.
The grasping roots constrict the yak!
The grasping roots constrict the komodo dragon.
You hear a roar!
The yak gores you!
* * * LOW HITPOINT WARNING * * *
The komodo dragon bites you!! Elyvilon protects you from harm!
Unknown command.
The grasping roots constrict the yak.
The grasping roots constrict the komodo dragon.
The roots release their grip on the yak.
The roots release their grip on the komodo dragon.
Aiming: Fastroot
Press: ? - help, Shift-Dir - straight line, f/p - yak
Aim: a yak (severely wounded)
The roots erupt in riotous growth!
Roots grab the yak.
Roots grab the komodo dragon.
The grasping roots constrict the yak.
The grasping roots constrict the komodo dragon.
The yak closely misses you. The komodo dragon bites you!
You die...

#..............≈#§≈§§.§P#
#..............≈§###≈§.##
...............≈###≈§..### #.
...............≈# #≈≈..#.#...
...............≈###§≈........
#..............≈§§#≈≈...###..
#..........>...≈§§≈≈≈..##
♣..............≈§§§§§..##
♣....♣♣♣♣.♣..♣..@Y......#
♣♣.♣.♣ ♣♣♣♣♣♣♣..l.....##
.♣♣♣♣♣ ♣........# .≈♣.
♣♣...∩...## .~~l ♣........#
♣....$...# ♣<.......#
♣........# ♣.........#


You could see a komodo dragon (rooted) and a yak (rooted).

Vanquished Creatures
  A hydra (Lair:1)
  An orc knight (Bailey)
  A black mamba (Lair:1)
  3 komodo dragons
  2 trolls (D:9)
  A hornet (D:8)
  8 yaks
  A wyvern (D:9)
  Eustachio (D:5)
  An ice beast (D:7)
  8 orc warriors
  2 black bears
  A sky beast (D:7)
  3 ogres (D:5)
  3 centaurs
  7 kobold brigands (Bailey)
  4 scorpions
  A wight (D:8)
  A howler monkey (D:7)
  2 hounds
  A jelly (D:6)
  2 orc priests
  3 orc wizards
  2 iguanas (D:5)
  4 adders
  2 ufetubi (D:5)
  A worm (D:3)
  A dart slug (D:4)
  18 orcs
  2 endoplasms
  2 giant cockroaches
  2 goblins (D:1)
  9 hobgoblins
  7 jackals (D:1)
  2 quokkas
  2 ball pythons
  2 bats (D:1)
  16 kobolds
  3 rats
133 creatures vanquished.

Vanquished Creatures (others)
  4 plants
  3 toadstools (D:2)
7 creatures vanquished.

Grand Total: 140 creatures vanquished

Notes
Turn   | Place    | Note
-------+----------+-------------------------------------------
     0 | D:1      | Spectrina the Deep Elf Monk began the quest for the Orb.
     0 | D:1      | Reached XP level 1. HP: 13/13 MP: 3/3
   125 | D:1      | Reached skill level 3 in Stealth
   159 | D:1      | Found Eruade Oneu's Book Boutique.
   168 | D:1      | Reached XP level 2. HP: 16/18 MP: 4/4
   333 | D:1      | Reached skill level 4 in Stealth
   809 | D:1      | Reached XP level 3. HP: 22/22 MP: 5/5
   974 | D:4      | Noticed a scorpion
  1017 | D:3      | Reached skill level 5 in Stealth
  1066 | D:4      | Noticed a black bear
  1075 | D:5      | Entered Level 5 of the Dungeon
  1094 | D:5      | Noticed a scorpion
  1097 | D:5      | Killed a scorpion
  1098 | D:5      | Reached skill level 6 in Stealth
  1098 | D:5      | Reached XP level 4. HP: 23/27 MP: 6/6
  1121 | D:5      | Reached skill level 7 in Stealth
  1121 | D:5      | Reached XP level 5. HP: 29/31 MP: 7/7
  1188 | D:5      | Noticed an ogre
  1414 | D:5      | Reached skill level 8 in Stealth
  1475 | D:5      | Noticed an ogre
  1569 | D:7      | Noticed a steam dragon
  1569 | D:7      | Noticed an orc warrior
  1577 | D:7      | Noticed an ice beast
  1600 | D:6      | Noticed a centaur
  1613 | D:6      | Killed a centaur
  1614 | D:6      | Reached XP level 6. HP: 17/36 MP: 8/8
  1729 | D:7      | Noticed an orc warrior
  1732 | D:7      | Killed an orc warrior
  1733 | D:7      | Reached skill level 9 in Stealth
  1832 | D:5      | Noticed Eustachio
  1837 | D:5      | Killed Eustachio
  1838 | D:5      | Reached skill level 10 in Stealth
  1838 | D:5      | Reached XP level 7. HP: 38/40 MP: 9/9
  2070 | D:4      | Reached skill level 11 in Stealth
  2310 | D:4      | Learned a level 2 spell: Ensorcelled Hibernation
  2356 | D:4      | Reached skill level 1 in Hexes
  2452 | D:5      | Reached skill level 1 in Ice Magic
  2589 | D:5      | Reached XP level 8. HP: 45/45 MP: 7/10
  2962 | D:6      | Reached skill level 12 in Stealth
  2994 | D:6      | Reached skill level 5 in Hexes
  3221 | D:7      | Reached skill level 5 in Ice Magic
  3281 | D:7      | Found a staircase to the Ecumenical Temple.
  3288 | Temple   | Entered the Ecumenical Temple
  3323 | Temple   | Became a worshipper of Elyvilon the Healer
  3323 | Temple   | Reached * piety under Elyvilon
  3323 | Temple   | Reached ** piety under Elyvilon
  3362 | D:7      | Noticed Joseph
  3474 | D:7      | Found a radiant altar of Vehumet.
  3477 | D:7      | Found a blossoming altar of Fedhas.
  3518 | D:8      | Noticed Maggie
  3568 | D:7      | Learned a level 2 spell: Passwall
  3611 | D:8      | Found a staircase to the Lair.
  3652 | D:9      | Reached XP level 9. HP: 40/49 MP: 6/11
  3722 | D:8      | Reached skill level 1 in Transmutations
  3722 | D:8      | Reached skill level 1 in Earth Magic
  3766 | D:9      | Noticed a troll
  3772 | D:9      | Killed a troll
  3788 | D:9      | Found a flagged portal.
  3824 | Bailey   | Entered a bailey
  3824 | Bailey   | Reached *** piety under Elyvilon
  3834 | Bailey   | Learned a level 4 spell: Petrify
  3860 | Bailey   | Reached skill level 1 in Invocations
  4055 | Bailey   | Noticed an orc knight
  4093 | Bailey   | Killed an orc knight
  4166 | Bailey   | Reached XP level 10. HP: 26/54 MP: 1/15
  4234 | Bailey   | Found an iron altar of Okawaru.
  4246 | Bailey   | Got Efiat's Atlas of Planar Ignition
  4421 | D:8      | Reached skill level 1 in Spellcasting
  4491 | D:7      | Reached skill level 1 in Summonings
  4497 | D:7      | Reached skill level 1 in Translocations
  4680 | Lair:1   | Entered Level 1 of the Lair of Beasts
  4732 | Lair:1   | Noticed a black mamba
  4736 | Lair:1   | Killed a black mamba
  4737 | Lair:1   | Reached skill level 5 in Invocations
  4764 | Lair:1   | Learned a level 5 spell: Summon Forest
  4794 | Lair:1   | Noticed a six-headed hydra
  4800 | Lair:1   | Killed a six-headed hydra
  4943 | Lair:2   | Found a gate leading to a gauntlet.
  4999 | Lair:2   | Reached skill level 5 in Earth Magic
  5024 | Lair:2   | Elyvilon protects you from harm!
  5026 | Lair:2   | Mangled by a komodo dragon

Illustrated notes

Levels and vault maps discovered:
D:1:      roderic_crop_circles_arrival_small, layout_basic,
          chequers_ecumenical_altar_lobes, serial_shops, nicolae_shop_trees,
          chequers_serial_rivers_micro_a
D:2:      layout_basic, serial_co_window_serial, co_window_paths_a,
          co_window_paths_a, co_window_corner_a, co_window_paths_b,
          co_window_paths_a, co_window_corner_a, co_window_2corner,
          co_window_corner_ca, co_window_cross_3, co_window_corner_b,
          co_window_of_opportunity_b, co_window_corner_cb, glass_columns_b,
          glass_columns_b, glass_columns_b, glass_columns_c, glass_columns_b,
          kennysheep_nub, minmay_gold_behind_fungi
D:3:      layout_basic, uniq_natasha
D:4:      layout_rooms, due_unseen_surprise
D:5:      layout_layer_cave, grunt_decor_fettered, minmay_pentangle,
          uniq_eustachio
D:6:      layout_cave_pods, grunt_decor_arrowhead, solitary_fountain
D:7:      layout_cave_pools, nicolae_overflow_squiral,
          minmay_temple_entry_slanted, uniq_joseph
D:8:      kennysheep_housing_project, layout_gridville, david_lair_shrubbed,
          uniq_maggie
D:9:      layout_roguey, enter_bailey_2, nicolae_transporter_circle
Temple:   nicolae_temple_bog_church
Lair:1:   layout_roguey [special_room_bee], minmay_holes, nicolae_lair_lil_pond,
          uniq_grum
Lair:2:   layout_gridlike, palyth_hydra_swamp_entry,
          minmay_snake_entry_six_corridors, gauntlet_entry_generic,
          infiniplex_staircase_pool_2, uniq_amaemon

Skill      XL: |  1  2  3  4  5  6  7  8  9 10 |
---------------+-------------------------------+-----
Stealth        | 3 4 6 7 8 10 11 12 | 12.1
Hexes          | 2 6 8 9 |  9.0
Ice Magic      | 2 5 6 7 |  7.4
Transmutations | 3 4 |  4.9
Earth Magic    | 3 5 |  5.0
Invocations    | 4 6 |  6.0
Spellcasting   | 3 |  3.3
Summonings     | 2 |  2.6
Translocations | 2 |  2.6
Fighting       | |  2.4
Short Blades   | |  3.2
Dodging        | |  3.6

Action                   |  1- 3 |  4- 6 |  7- 9 | 10-12 || total
-------------------------+-------+-------+-------+-------++-------
Melee: Short sword       |   124 |     3 |   103 |       ||   230
       Punch             |     2 |       |     1 |       ||     3
       Glaive            |       |    14 |     6 |       ||    20
       Unarmed           |       |    10 |       |       ||    10
       Dagger            |       |     4 |   186 |    52 ||   242
       Whip              |       |       |       |     5 ||     5
 Fire: Shortbow          |       |       |     7 |       ||     7
Throw: Javelin           |       |       |     4 |     1 ||     5
       Dart              |       |       |    12 |       ||    12
 Cast: Ensorcelled Hiber |       |       |    61 |    37 ||    98
       Petrify           |       |       |       |     4 ||     4
Evoke: Wand              |       |     3 |    11 |     5 ||    19
  Use: Potion            |     1 |     3 |    11 |     1 ||    16
       Scroll            |       |     5 |     5 |     2 ||    12
 Stab: Sleeping          |     9 |     5 |    38 |    17 ||    69
       Paralysed         |       |     2 |     6 |     2 ||    10
       Distracted        |       |       |     1 |       ||     1
       Petrified         |       |       |       |     1 ||     1
Armor: Robe              |    25 |       |       |       ||    25
       Leather armour    |     1 |    16 |   119 |    23 ||   159
       Skin              |       |     8 |       |       ||     8
Dodge: Dodged            |    98 |    48 |   219 |    61 ||   426
